 Dungeon Crawl Stone Soup version 0.17.0-24-gcfadda4 (console) character file.

95 gw the Chucker (level 4, 57/57 HPs)
             Began as a Minotaur Hunter on Nov 15, 2015.
             Was an Initiate of Nemelex Xobeh.
             Quit the game on level 3 of the Dungeon.
             The game lasted 00:03:05 (2131 turns).

gw the Chucker (Minotaur Hunter)                    Turns: 2131, Time: 00:03:05

Health: 57/57      AC:  5    Str: 21    XL:     4   Next: 39%
Magic:  3/3        EV: 11    Int:  8    God:    Nemelex Xobeh [......]
Gold:   126        SH:  0    Dex: 12    Spells: 0 memorised, 3 levels left

rFire  . . .     SeeInvis .     b - +0 flail
rCold  . . .     Clarity  .     l - +0 ring mail
rNeg   . . .     SustAt   .     (no shield)
rPois  .         Gourm    .     (helmet restricted)
rElec  .         Spirit   .     (no cloak)
rCorr  .         Warding  .     (no gloves)
rMut   .         Stasis   .     (no boots)
MR     .....                    (no amulet)
Stlth  ..........               (no ring)
                                (no ring)

@: berserking, very quick, not resistant to hostile enchantments, extremely
unstealthy
A: retaliatory headbutt, horns 2
a: Renounce Religion


You were on level 3 of the Dungeon.
You worshipped Nemelex Xobeh.
Nemelex Xobeh was noncommittal.
You were not hungry.

You visited 1 branch of the dungeon, and saw 3 of its levels.

You collected 126 gold pieces.

Inventory:

Hand Weapons
 b - a +0 flail (weapon)
Missiles
 c - 26 poisoned needles
 g - 85 stones
 h - 2 throwing nets
 i - 3 tomahawks
 m - 5 javelins (quivered)
Armour
 l - a +0 ring mail (worn)
Scrolls
 d - a scroll of recharging {unknown}
 f - 5 scrolls of identify
 k - a scroll of enchant weapon {unknown}
 o - a scroll of teleportation
 p - a scroll of remove curse {unknown}
Miscellaneous
 n - a plain deck of war {drawn: 5}
Comestibles
 a - a chunk of flesh
 e - 2 bread rations
 j - a meat ration


   Skills:
 + Level 3.2 Fighting
 + Level 1.3 Maces & Flails
 * Level 4.9 Throwing
 + Level 1.2 Armour
 - Level 2.1 Dodging
 - Level 0.7 Stealth
 * Level 1.1 Evocations


You had 3 spell levels left.
You didn't know any spells.

Dungeon Overview and Level Annotations

Branches:
Dungeon (3/15)

Altars:
Nemelex Xobeh


Innate Abilities, Weirdness & Mutations

You reflexively headbutt those who attack you in melee.
You have a pair of horns on your head.


Message History

You are too berserk!
You are too berserk!
You are too berserk!
You are too berserk!
You are too berserk!
You are too berserk!
You are too berserk!
You are too berserk!
You are too berserk!
You are too berserk!
You are too berserk!
You are too berserk!
You are too berserk!
You are too berserk!
You are too berserk!
You are too berserk!
You are too berserk!
You are too berserk!
Infinite lua loop detected, aborting.
Are you sure you want to abandon this character and quit the game? (Confirm with "yes".)

# ####. #.## ##.##....
#... ......... # #..#
####.... #.##..# #....
..... #.... #..## #.>..
######.h.######### #....
.......H.........###.###
#.######.######..%......
#.# #..####### #.# #..#
#.# #..# #.# #..# #.#
#... #.. .... ### #..##


You could see a hound.

Table legend:
 A = Turns spent in this place as a percentage of turns spent in the entire game.
 B = Non-inter-level travel turns spent in this place as a percentage of non-inter-level travel turns spent in the entire game.
 C = Inter-level travel turns spent in this place as a percentage of turns spent in this place.
 D = Turns resting spent in this place as a percentage of non-inter-level travel turns spent in this place.
 E = Turns spent auto-exploring this place as a percentage of non-inter-level travel turns spent in this place.
 F = Non-inter-level travel turns spent in this place divided by the number of levels of this place that you've seen.
                   A       B       C       D       E      F
               +-------+-------+-------+-------+-------+----------------------
         Total | 100.0 | 100.0 |   0.3 |   0.5 |   2.2 | 1307.3
       Dungeon | 100.0 | 100.0 |   0.3 |   0.5 |   2.2 | 1307.3
               +-------+-------+-------+-------+-------+----------------------

Table legend:
 A = Kills in this place as a percentage of kills in entire the game.
 B = Kills by you in this place as a percentage of kills by you in the entire game.
 C = Kills by friends in this place as a percentage of kills by friends in the entire game.
 D = Other kills in this place as a percentage of other kills in the entire game.
 E = Experience gained in this place as a percentage of experience gained in the entire game.
 F = Experience gained in this place divided by the number of levels of this place that you have seen.
                   A       B       C       D       E      F
               +-------+-------+-------+-------+-------+----------------------
         Total | 100.0 | 100.0 | 100.0 |  -nan | 100.0 |  45.3
       Dungeon | 100.0 | 100.0 | 100.0 |  -nan | 100.0 |  45.3
               +-------+-------+-------+-------+-------+----------------------

Vanquished Creatures
  3 adders (D:2)
  A gnoll (D:1)
  A giant gecko (D:2)
  4 giant cockroaches
  8 goblins
  7 hobgoblins
  6 jackals
  5 kobolds
  A quokka (D:3)
  A ball python (D:2)
  8 bats
  A giant newt (D:1)
  6 rats
52 creatures vanquished.

Vanquished Creatures (collateral kills)
  An adder (D:2)
1 creature vanquished.

Grand Total: 53 creatures vanquished

Notes
Turn   | Place    | Note
--------------------------------------------------------------
     0 | D:1      | gw the Minotaur Hunter began the quest for the Orb.
     0 | D:1      | Reached XP level 1. HP: 18/18 MP: 0/0
   244 | D:1      | Reached XP level 2. HP: 23/25 MP: 1/1
   349 | D:1      | Reached skill level 1 in Armour
   581 | D:1      | Reached skill level 1 in Maces & Flails
   719 | D:1      | Reached XP level 3. HP: 30/30 MP: 2/2
  1171 | D:2      | Found a sparkling altar of Nemelex Xobeh.
  1180 | D:2      | Became a worshipper of Nemelex Xobeh the Trickster
  1233 | D:2      | Received a gift from Nemelex Xobeh
  1265 | D:2      | Reached XP level 4. HP: 37/37 MP: 3/3
  1351 | D:2      | Reached skill level 1 in Evocations
  2131 | D:3      | Quit the game

Action                   |  1- 3 |  4- 6 || total
-------------------------+-------+-------++-------
Melee: Short sword       |     6 |       ||     6
       Whip              |    20 |       ||    20
       Flail             |    32 |     6 ||    38
Throw: Javelin           |    41 |    33 ||    74
       Tomahawk          |     9 |       ||     9
Evoke: Deck              |       |     5 ||     5
  Use: Scroll            |     1 |     3 ||     4
       Potion            |       |     3 ||     3
  Eat: Chunk             |     1 |     3 ||     4

Vault maps used:
D:1:      kilobyte_arrival_exit_the_forest
D:2:      lemuel_round_altar
